 Dungeon Crawl Stone Soup version 0.25-a0-426-g7d9e569eea (webtiles) character file.

Game seed: 8127655637393289257, levelgen mode: deterministic

49 kae the Insei (level 3, 0/21 HPs)
             Began as a Tengu Transmuter on Jan 24, 2020.
             Slain by Natasha (10 damage)
             ... on level 2 of the Dungeon.
             The game lasted 00:01:06 (1809 turns).

kae the Insei (Tengu Transmuter)                    Turns: 1809, Time: 00:01:06

Health: 0/21       AC:  2    Str: 15    XL:     3   Next: 77%
Magic:  7/7        EV: 13    Int: 13    God:
Gold:   131        SH:  0    Dex: 15    Spells: 5/6 levels left

rFire    . . .     SeeInvis +     - Unarmed
rCold    . . .     Gourm    .   (no shield)
rNeg     . . .     Faith    .   b - +0 robe
rPois    .         Spirit   .   (helmet restricted)
rElec    .         Reflect  .   (no cloak)
rCorr    .         Harm     .   (no gloves)
MR       .....                  (boots unavailable)
Stlth    +.........             (no amulet)
HPRegen  0.07/turn              e - ring of see invisible
MPRegen  0.10/turn              (no ring)

@: mighty
A: beak, talons 3
a: no special abilities


You were on level 2 of the Dungeon.
You were very hungry.

You visited 1 branch of the dungeon, and saw 2 of its levels.

You collected 131 gold pieces.

Inventory:

Missiles
 a - 26 arrows
Armour
 b - a +0 robe (worn)
Jewellery
 e - a ring of see invisible (left hand)
Scrolls
 f - a scroll of identify
 i - 2 scrolls of remove curse {unknown}
Potions
 g - a potion of magic {unknown}
Comestibles
 d - 4 rations


   Skills:
 + Level 1.7 Fighting
 + Level 2.7 Dodging
 + Level 3.7 Unarmed Combat
 + Level 2.4 Spellcasting
 + Level 2.0 Transmutations


You had 5 spell levels left.
You knew the following spells:

 Your Spells              Type           Power        Failure   Level  Hunger
a - Beastly Appendage     Tmut           #.....       11%         1    #......

Your spell library contained the following spells:

 Spells                   Type           Power        Failure   Level  Hunger
 Sticks to Snakes         Tmut           #.......     16%         2    ###....
 Spider Form              Tmut/Pois      #.........   43%         3    ###....
 Ice Form                 Ice/Tmut       #.......     85%         4    #####..
 Blade Hands              Tmut           #.........   96%         5    ######.


Dungeon Overview and Level Annotations

Branches:
Dungeon (2/15)

Altars:
Ashenzari

Annotations:
D:2 Natasha


Innate Abilities, Weirdness & Mutations

You have a beak for a mouth.
You have claws for feet.


Message History

Natasha casts a spell.
You miss the adder. You claw the adder.
The adder is almost dead.
The adder barely misses you. The adder misses you.
You hit the adder.
You kill the adder!
Your Transmutations skill increases to level 2!
You hit the crimson imp. Your kick misses the crimson imp.
The crimson imp is heavily wounded.
The crimson imp barely misses you.
You closely miss the crimson imp. Your kick misses the crimson imp.
Your peck misses the crimson imp.
The crimson imp is moderately wounded.
The crimson imp completely misses you.
You miss the crimson imp. You peck the crimson imp!
You kill the crimson imp!
You punch the goblin!
You kill the goblin!
You closely miss Natasha. Natasha claws you!
You die...

.######### .#.....[.#
.#).####.#####
...#...#.....#
...#...#.....## .
.###...###....########....
#⌠.#.+##.⌠#........Shg....
#.........#....#h#####)..#
#........#####.#@# #
.#.......#...#.#.#
.+..._...+...'.#.#
.............#.#.#
##........####.#.#
..........#....#.#
#⌠.##+##.⌠#..###.#
..##...(###..# #.#
...#...#.....# #.#


You could see Natasha.

Vanquished Creatures
  An adder (D:2)
  2 dart slugs
  A leopard gecko (D:1)
  5 bats (D:1)
  2 giant cockroaches
  9 goblins
  3 hobgoblins
  2 kobolds (D:1)
  A ball python (D:2)
  3 frilled lizards (D:1)
  4 rats
33 creatures vanquished.

Notes
Turn   | Place    | Note
-------+----------+-------------------------------------------
     0 | D:1      | kae the Tengu Transmuter began the quest for the Orb.
     0 | D:1      | Reached XP level 1. HP: 12/12 MP: 4/4
    76 | D:1      | Reached XP level 2. HP: 14/16 MP: 6/6
   521 | D:1      | Reached XP level 3. HP: 20/20 MP: 7/7
  1274 | D:2      | Found a shattered altar of Ashenzari.
  1786 | D:2      | Noticed Natasha
  1809 | D:2      | Slain by Natasha

Levels and vault maps discovered:
D:1:      sevenhm_arrival_forest_fort_large_2, layout_loops_ring,
          minmay_misc_feat_chi, hangedman_abyss_or_decor_stabs,
          minmay_tromino_v2
D:2:      layout_basic, evilmike_ruin_ashenzari, old_standard_altar,
          chequers_temple_overflow_statue_of_worship, minmay_misc_feat_encased,
          uniq_natasha

Skill      XL: |  1  2  3 |
---------------+----------+-----
Transmutations | 2 |  2.0
Fighting       | |  1.7
Dodging        | |  2.7
Unarmed Combat | |  3.7
Spellcasting   | |  2.4

Action                   || total
-------------------------++-------
Melee: Unarmed           ||    78
       Kick              ||    21
       Peck              ||     6
       Headbutt          ||     5
 Cast: Beastly Appendage ||    17
  Use: Scroll            ||     1
       Potion            ||     1
 Stab: Sleeping          ||     2
  Eat: Chunk             ||     2
Armor: Robe              ||    11
Dodge: Dodged            ||    54

Table legend:
 A = Non-vault XP
 B = Vault XP
 C = Vault XP percentage of total XP
 D = Non-vault monster count
 E = Vault monster count
 F = Vault count percentage of total count
                 A         B        C        D         E       F
            +---------+---------+-------+---------+---------+-------
      Total |      69 |       2 |   2.8 |      32 |       1 |   3.0
            +---------+---------+-------+---------+---------+-------
        D:1 |      38 |       2 |   5.0 |      22 |       1 |   4.3
        D:2 |      31 |       0 |   0.0 |      10 |       0 |   0.0
            +---------+---------+-------+---------+---------+-------
